 Dungeon Crawl Stone Soup version 0.26-a0-651-gb41185065b (webtiles) character file.

Game seed: 17947439742944974217

23783 loralnil the Nimble (level 13, 0/124 HPs)
             Began as a Merfolk Transmuter on Oct 7, 2020.
             Was an Elder of Dithmenos.
             Slain by a hippogriff (3 damage)
             ... on level 3 of the Lair of Beasts.
             The game lasted 00:37:49 (19242 turns).

loralnil the Nimble (Merfolk Transmuter)           Turns: 19242, Time: 00:37:49

Health: 0/124      AC:  7    Str: 14    XL:     13   Next: 8%
Magic:  14/26      EV: 19    Int: 20    God:    Dithmenos [****..]
Gold:   1237       SH:  0    Dex: 20    Spells: 5/30 levels left

rFire    x . .     SeeInvis .     - Unarmed
rCold    + + +     Faith    .   (shield currently unavailable)
rNeg     . . .     Spirit   .   (armour currently unavailable)
rPois    +         Reflect  .   (helmet currently unavailable)
rElec    .         Harm     .   (cloak currently unavailable)
rCorr    .         Rampage  .   (gloves currently unavailable)
MR       .....                  (boots currently unavailable)
Stlth    ++........             O - amulet of regeneration
HPRegen  0.70/turn              I - +6 ring of dexterity
MPRegen  0.20/turn              z - +6 ring of intelligence

@: ice-form, wereblooded, very slightly contaminated, wreathed by umbra
A: large, (change form in water), (swift swim), (stealthy swim)
a: End Transformation, Shadow Step, Renounce Religion


You were on level 3 of the Lair of Beasts.
You worshipped Dithmenos.
Dithmenos was greatly pleased with you.
You were a creature of crystalline ice.
You visited 3 branches of the dungeon, and saw 16 of its levels.

You collected 1237 gold pieces.

Inventory:

Armour
 a - a +0 robe (melded)
 q - a +1 hat (melded)
 A - a +0 pair of gloves (melded)
 L - a +2 pair of boots (melded)
Jewellery
 b - a +4 ring of protection
 i - an uncursed ring of flight
 o - an uncursed ring of magical power
 y - an uncursed ring of protection from cold
 z - a +6 ring of intelligence (right front paw)
 C - an uncursed ring of fire
 E - the ring of Shadows {Umbra +Inv Stlth+}
   (You took it off an orc on level 8 of the Dungeon)

   [ring of stealth]

   It lets you turn invisible.
   It makes you more stealthy.
 I - a +6 ring of dexterity (left front paw)
 O - an amulet of regeneration (around neck)
Wands
 h - a wand of flame (49)
 j - a wand of disintegration (15)
 k - a wand of polymorph (11)
 s - a wand of iceblast (12)
 B - a wand of acid (26)
 P - a wand of random effects (25)
 R - a wand of enslavement (11)
Scrolls
 d - 6 scrolls of remove curse
 n - a scroll of acquirement {unknown}
 p - a scroll of fear
 r - 2 scrolls of enchant weapon
 w - 2 scrolls of holy word
 x - a scroll of teleportation
 F - 4 scrolls of blinking
 H - 3 scrolls of amnesia
 M - 2 scrolls of magic mapping
 Q - a scroll of identify
Potions
 c - a potion of mutation
 e - 2 potions of ambrosia
 f - 2 potions of haste
 g - a potion of lignification
 m - 2 potions of cancellation
 t - a potion of berserk rage
 u - 4 potions of flight
 v - a potion of invisibility
 D - a potion of brilliance
 G - 3 potions of magic
 J - a potion of might
 K - 4 potions of stabbing
 N - 3 potions of curing


   Skills:
 + Level 10.4 Fighting
 + Level 12.3 Dodging
 + Level 10.9 Unarmed Combat
 + Level 9.1 Spellcasting
 - Level 2.0 Hexes
 + Level 4.9 Summonings
 - Level 3.0 Necromancy
 - Level 9.0 Transmutations
 - Level 3.0 Ice Magic
 + Level 2.6 Air Magic
 - Level 2.0 Poison Magic


You had 5 spell levels left.
You knew the following spells:

 Your Spells              Type           Power        Failure   Level
a - Beastly Appendage     Tmut           #####.       1%          1
b - Wereblood             Tmut           #####...     1%          2
c - Spider Form           Tmut/Pois      ####......   2%          3
d - Ice Form              Ice/Tmut       ####....     6%          4
e - Blade Hands           Tmut           #####.....   5%          5
f - Summon Guardian Gole  Hex/Summ       ###.....     5%          3
g - Vampiric Draining     Necr           ###.......   7%          3
h - Summon Lightning Spi  Summ/Air       ###.....     16%         4

Your spell library contained the following spells:

 Spells                   Type           Power        Failure   Level
 Summon Small Mammal      Summ           ####         1%          1
 Call Imp                 Summ           ####....     1%          2
 Animate Skeleton         Necr           ###...       2%          1
 Corona                   Hex            ###....      3%          1
 Corpse Rot               Necr/Air       N/A          3%          2
 Call Canine Familiar     Summ           ####....     3%          3
 Apportation              Tloc           #.....       8%          1
 Summon Ice Beast         Ice/Summ       ###.....     16%         4
 Animate Dead             Necr           ###.......   22%         4
 Excruciating Wounds      Necr           ###.......   52%         5


Dungeon Overview and Level Annotations

Branches:
Dungeon (11/15)            Temple (1/1) D:7            Lair (4/6) D:8
  Swamp (0/4) Lair:3       Spider (0/4) Lair:2
    Orc: D:9-12

Altars:
Ashenzari
Cheibriados
Dithmenos
Elyvilon
Fedhas
Gozag
Hepliaklqana
Kikubaaqudgha
Makhleb
Nemelex Xobeh
Okawaru
Qazlal
Sif Muna
Trog
Uskayaw
Vehumet
Wu Jian
Xom
Yredelemnul
Zin
The Shining One

Shops:
D:4 }


Message History

Confirm with . or Enter, or press ? or * to list all spells.
Aiming: Vampiric Draining (mildly dangerous; 7% risk of failure)
Press: ? - help, Shift-Dir - straight line, f/p - hippogriff
Aim: a hippogriff (lightly wounded, umbra)
The hippogriff is moderately wounded.
You feel life coursing into your body. The hippogriff bites you.
* * * LOW HITPOINT WARNING * * *
The hippogriff completely misses you. The hippogriff barely misses you.
The wyvern misses you.
Casting: Vampiric Draining (mildly dangerous; 7% risk of failure)
Confirm with . or Enter, or press ? or * to list all spells.
Aiming: Vampiric Draining (mildly dangerous; 7% risk of failure)
Press: ? - help, Shift-Dir - straight line, f/p - hippogriff
Aim: a hippogriff (moderately wounded, umbra)
You miscast Vampiric Draining.
You are very lightly contaminated with residual magic.
Nothing appears to happen.
The wyvern bites you!
* * * LOW HITPOINT WARNING * * *
The hippogriff completely misses you. x2; The hippogriff claws you.
You die...

.....P##....####.#..#...#.#†###..
.....###....#.#.#.#.≈.#.#..†##...
#.####......#...#.#≈≈≈.#....####.
### ##.....##.########.##.?# ##
#.....###### ####### ###
#..........# #.> #..........##
#.. ##.......H.P# ### ##.
#.........Y## #.### ####..
#######........l..####...###P###.
...##.#......................#...
....#............................
.................................
.................................
.................................
.................................
.#.......................#......(


You could see a hippogriff and a wyvern.

Vanquished Creatures
  A queen ant (Lair:3)
  2 death yaks
  2 two-headed ogres
  An unseen horror (D:11)
  A lindwurm (Lair:3)
  2 ugly things (D:11)
  A centaur zombie (D:11)
  5 black mambas
  A gargoyle (D:10)
  2 cane toads
  A rime drake (Lair:4)
  5 komodo dragons
  2 trolls
  2 hornets
  3 blink frogs (Lair:1)
  Prince Ribbit (Lair:1)
  8 hippogriffs
  A wraith (D:8)
  9 yaks
  3 basilisks
  4 wyverns
  A steam dragon (D:8)
  Edmund (D:4)
  5 soldier ants (Lair:3)
  5 water moccasins
  Duvessa (D:5)
  3 porcupines
  3 phantoms
  5 ice beasts
  5 ogres
  2 sky beasts
  6 orc warriors
  4 centaurs
  12 wolves (Lair:2)
  A big kobold (D:8)
  8 crocodiles
  Blork the orc (D:5)
  8 bullfrogs
  Dowan (D:5)
  A gnoll sergeant (D:8)
  4 killer bees
  3 scorpions
  12 wights
  5 howler monkeys
  An electric eel (Lair:3)
  2 bullfrog zombies
  A quasit (D:8)
  4 jellies
  6 orc priests
  5 hounds
  3 centaur skeletons
  5 iguanas
  Ijyb (D:5)
  10 orc wizards
  19 worker ants
  A hound zombie (D:10)
  2 hound skeletons
  A howler monkey zombie (D:5)
  A worker ant zombie (D:6)
  Robin (D:2)
  A howler monkey skeleton (D:8)
  6 adders
  A shadow imp (D:9)
  2 white imps
  An adder zombie (D:9)
  3 worms
  3 dart slugs
  7 leopard geckos
  37 orcs
  9 bats
  10 giant cockroaches
  15 goblins
  12 hobgoblins
  18 jackals
  4 quokkas
  A ball python (D:1)
  6 frilled lizards
  15 kobolds
  A quokka zombie (D:8)
  9 rats
378 creatures vanquished.

Vanquished Creatures (others)
  9 fungi
  8 plants
  4 toadstools (D:1)
21 creatures vanquished.

Grand Total: 399 creatures vanquished

Notes
Turn   | Place    | Note
-------+----------+-------------------------------------------
     0 | D:1      | loralnil the Merfolk Transmuter began the quest for the
                  | Orb.
     0 | D:1      | Reached XP level 1. HP: 15/15 MP: 3/3
   178 | D:1      | Reached XP level 2. HP: 17/21 MP: 3/5
   182 | D:1      | Learned a level 2 spell: Wereblood
   402 | D:1      | Reached skill level 3 in Dodging
   605 | D:1      | Reached XP level 3. HP: 26/26 MP: 4/6
   610 | D:1      | Learned a level 3 spell: Spider Form
  1666 | D:2      | Reached XP level 4. HP: 20/33 MP: 4/7
  1928 | D:2      | Noticed Robin
  2301 | D:2      | Killed Robin
  2301 | D:2      | Reached skill level 1 in Poison Magic
  2898 | D:3      | Reached XP level 5. HP: 27/38 MP: 2/8
  3122 | D:3      | Found an opulent altar of Gozag.
  3927 | D:3      | Found a glowing silver altar of Zin.
  3931 | D:3      | Found a bloodstained altar of Trog.
  4123 | D:4      | Reached skill level 4 in Dodging
  4259 | D:4      | Reached XP level 6. HP: 32/46 MP: 10/10
  4265 | D:4      | Learned a level 4 spell: Ice Form
  4401 | D:4      | Noticed Edmund
  4414 | D:4      | Killed Edmund
  4436 | D:4      | Found a snail-covered altar of Cheibriados.
  4776 | D:4      | You fall into a shaft and drop 2 floors!
  4777 | D:6      | Noticed a phantom
  4779 | D:5      | Entered Level 5 of the Dungeon
  4779 | D:5      | Noticed a phantom
  4832 | D:5      | Killed a phantom
  4832 | D:5      | Reached XP level 7. HP: 32/52 MP: 12/12
  4954 | D:5      | Noticed Blork the orc
  4960 | D:5      | Noticed Ijyb
  4967 | D:5      | Killed Blork the orc
  4967 | D:5      | Reached skill level 5 in Transmutations
  5001 | D:5      | Reached skill level 5 in Dodging
  5013 | D:5      | Killed Ijyb
  5500 | D:4      | Reached skill level 5 in Unarmed Combat
  5675 | D:4      | Found Quisif's Gadget Emporium.
  5753 | D:5      | Noticed Duvessa
  5760 | D:5      | Noticed Dowan
  5778 | D:5      | Killed Duvessa
  5792 | D:5      | Killed Dowan
  5792 | D:5      | Reached XP level 8. HP: 26/60 MP: 14/14
  6034 | D:5      | Found a glowing golden altar of the Shining One.
  6416 | D:5      | Found an iron altar of Okawaru.
  6500 | D:5      | Reached skill level 1 in Ice Magic
  6831 | D:5      | Found an ornate altar of the Wu Jian Council.
  6831 | D:5      | Found a faded altar of an unknown god.
  6836 | D:5      | Found a faded altar of an unknown god.
  6838 | D:5      | Found a shimmering blue altar of Sif Muna.
  6840 | D:5      | Found an ancient bone altar of Kikubaaqudgha.
  7121 | D:6      | Reached skill level 6 in Dodging
  7351 | D:6      | You fall into a shaft and drop 3 floors!
  7559 | D:6      | Reached skill level 5 in Fighting
  7831 | D:6      | Reached XP level 9. HP: 68/68 MP: 12/16
  7914 | D:6      | Learned a level 5 spell: Blade Hands
  8395 | D:7      | Reached skill level 7 in Dodging
  8406 | D:7      | Reached skill level 5 in Spellcasting
  8508 | D:7      | Noticed a hornet
  8509 | D:7      | Paralysed by a hornet for 3 turns
  8845 | D:7      | Killed a hornet
  9454 | D:7      | Found a staircase to the Ecumenical Temple.
  9459 | Temple   | Entered the Ecumenical Temple
  9545 | Temple   | Became a worshipper of Dithmenos the Shadowed
  9797 | D:8      | Reached skill level 8 in Dodging
  9858 | D:8      | Reached XP level 10. HP: 63/77 MP: 6/18
  9931 | D:8      | Identified the cursed +1 hunting sling "Fukliah" {speed,
                  | *Corrode MR+++ Str-5 Int+6}
 10153 | D:8      | Identified the Tome of Stolen Souls
 10165 | D:8      | Reached * piety under Dithmenos
 10182 | D:8      | Identified the +1 ring mail of Snakes and Ladders {rElec
                  | rC+ MR+ Str-2}
 10404 | D:8      | Learned a level 3 spell: Summon Guardian Golem
 10659 | D:8      | Noticed a two-headed ogre
 10671 | D:8      | Killed a two-headed ogre
 10671 | D:8      | Reached skill level 9 in Dodging
 11061 | D:8      | Reached skill level 1 in Summonings
 11070 | D:8      | Reached skill level 1 in Hexes
 11628 | D:8      | Found a staircase to the Lair.
 12012 | D:9      | Reached ** piety under Dithmenos
 12052 | D:9      | Found a shimmering altar of Xom.
 12054 | D:9      | Found a shimmering altar of Xom.
 12054 | D:9      | Found a shimmering altar of Xom.
 12054 | D:9      | Found a shimmering altar of Xom.
 12056 | D:9      | Found a shimmering altar of Xom.
 12064 | D:9      | Found a shimmering altar of Xom.
 12064 | D:9      | Found a shimmering altar of Xom.
 12171 | D:9      | Reached XP level 11. HP: 22/85 MP: 18/21
 13166 | D:10     | Entered Level 10 of the Dungeon
 13252 | D:10     | Learned a level 3 spell: Vampiric Draining
 13349 | D:10     | Reached skill level 10 in Dodging
 13704 | D:10     | Reached skill level 1 in Necromancy
 13714 | D:10     | Reached *** piety under Dithmenos
 14445 | D:11     | Noticed a brown ugly thing
 14460 | D:11     | Noticed a two-headed ogre
 14473 | D:11     | Killed a two-headed ogre
 14477 | D:11     | Noticed a green ugly thing
 14489 | D:11     | Killed a green ugly thing
 14621 | D:11     | Killed a brown ugly thing
 14698 | D:11     | Noticed a death knight
 14916 | D:11     | Noticed a seven-headed hydra
 14960 | D:11     | Killed an unseen horror
 15185 | Lair:1   | Entered Level 1 of the Lair of Beasts
 15327 | Lair:1   | Noticed Prince Ribbit
 15330 | Lair:1   | Reached skill level 11 in Dodging
 15362 | Lair:1   | Reached XP level 12. HP: 56/95 MP: 21/24
 15830 | Lair:1   | Reached skill level 10 in Unarmed Combat
 15970 | Lair:1   | Killed Prince Ribbit
 16441 | Lair:2   | Found a hole to the Spider Nest.
 16479 | Lair:2   | Reached **** piety under Dithmenos
 16794 | Lair:2   | Learned a level 4 spell: Summon Lightning Spire
 17595 | Lair:3   | Reached skill level 1 in Air Magic
 17674 | Lair:3   | Noticed a queen ant
 17700 | Lair:3   | Killed a queen ant
 17700 | Lair:3   | Reached skill level 10 in Fighting
 18095 | Lair:3   | Found a staircase to the Swamp.
 18099 | Lair:3   | Reached skill level 12 in Dodging
 18889 | Lair:4   | Noticed a death yak
 18889 | Lair:4   | Noticed a death yak
 18889 | Lair:4   | Noticed a death yak
 18890 | Lair:4   | Noticed a death yak
 18896 | Lair:4   | Noticed a death yak
 18911 | Lair:4   | Noticed a death yak
 18914 | Lair:4   | Killed a death yak
 18990 | Lair:3   | Killed a death yak
 18990 | Lair:3   | Reached XP level 13. HP: 43/104 MP: 19/26
 19242 | Lair:3   | HP: 3/124 [wyvern (13)]
 19242 | Lair:3   | Slain by a hippogriff

Illustrated notes

Levels and vault maps discovered:
D:1:      dpeg_arrival_tiny_c, layout_basic, minmay_gold_behind_fungi,
          minmay_pentomino_o2
D:2:      minmay_chambers_of_twos, layout_rooms, uniq_robin
D:3:      layout_rooms, overflow_temple_1_default, minitemple,
          minmay_misc_feat_hallway
D:4:      lemuel_upstairs_altar, layout_basic, kennysheep_little_box,
          serial_shops, shop_statue, uniq_edmund
D:5:      layout_basic, lemuel_round_altar, chequers_temple_overflow_minitemple,
          okawaru_altar_gauntlet_db, uniq_duvessa, uniq_blork_the_orc, uniq_ijyb
D:6:      layout_rooms, chequers_serial_rivers_large_b, minmay_checkerbox
D:7:      layout_basic, nicolae_overflow_hidden_temple,
          minmay_temple_entry_nine_rooms
D:8:      minmay_the_grid_square_5x5_3x3 [minmay_the_grid_square_5x5_c,
          minmay_the_grid_square_5x5_fat_x, minmay_the_grid_square_5x5_percent,
          minmay_the_grid_square_5x5_sharp_hourglass,
          minmay_the_grid_square_5x5_megaprize_open,
          minmay_the_grid_square_5x5_moneybag,
          minmay_the_grid_square_5x5_three_small,
          minmay_the_grid_square_5x5_dogpile,
          minmay_the_grid_square_5x5_checkered_statues], layout_loops_ring,
          erik_lair_dragon
D:9:      layout_basic, nicolae_xom_altar_mimics
D:10:     layout_layer_cave
D:11:     evilmike_iron_armoury, layout_basic, serial_shops, nicolae_shop_stone,
          uniq_grum, uniq_fannar, uniq_gastronok
Temple:   dshaligram_water_room_temple
Lair:1:   layout_roguey, lemuel_fruit_tree, grunt_megastairs_1,
          uniq_prince_ribbit2
Lair:2:   layout_cave_pods, nicolae_spider_entry_non_spiders,
          infiniplex_staircase_pool_2, grunt_megastairs_5
Lair:3:   layout_hall_layers, minmay_swamp_entry_reptiles, wad_woods_antlair,
          infiniplex_staircase_pool
Lair:4:   layout_cave_pods, gauntlet_entry_generic, special_room
          [special_room_mythical_zoo], st_stairs_6, serial_bayou_pond_d,
          beast_lair_carwin_9

Skill      XL: |  1  2  3  4  5  6  7  8  9 10 11 12 |
---------------+-------------------------------------+-----
Transmutations | 3 4 5 6 8 9 |  9.0
Dodging        | 3 4 5 6 8 9 11 12 | 12.3
Fighting       | 2 3 4 5 6 7 9 10 | 10.4
Poison Magic   | 1 2 |  2.0
Unarmed Combat | 4 5 6 7 8 9 10 | 10.9
Spellcasting   | 3 4 5 6 8 9 |  9.1
Ice Magic      | 2 3 |  3.0
Summonings     | 2 4 |  4.9
Hexes          | 2 |  2.0
Necromancy     | 3 |  3.0
Air Magic      | 2 |  2.6

Action                   |  1- 3 |  4- 6 |  7- 9 | 10-12 | 13-15 || total
-------------------------+-------+-------+-------+-------+-------++-------
Melee: Unarmed           |   108 |   245 |   310 |   635 |    22 ||  1320
       Headbutt          |     9 |    19 |    11 |     3 |       ||    42
       Punch             |       |     2 |     2 |     7 |       ||    11
 Cast: Beastly Appendage |    27 |    29 |     6 |     4 |       ||    66
       Wereblood         |     3 |     3 |     8 |    12 |     2 ||    28
       Spider Form       |       |     8 |    30 |    24 |     2 ||    64
       Ice Form          |       |       |     3 |    40 |     1 ||    44
       Blade Hands       |       |       |     1 |     9 |       ||    10
       Vampiric Draining |       |       |       |     2 |     2 ||     4
       Summon Guardian G |       |       |       |     2 |       ||     2
  Use: Scroll            |     2 |     7 |     5 |     9 |       ||    23
       Potion            |       |       |     4 |       |     3 ||     7
 Stab: Sleeping          |     2 |       |     1 |    14 |       ||    17
Armor: Robe              |    20 |    49 |    12 |    11 |       ||    92
       Skin              |       |     2 |    28 |    46 |     4 ||    80
Dodge: Dodged            |    68 |   179 |   264 |   550 |    78 ||  1139

Table legend: (Time is in decaauts)
 A = Elapsed time spent in this place.
 B = Non-inter-level travel time spent in this place.
 C = Inter-level travel time spent in this place.
 D = Time resting spent in this place.
 E = Time spent auto-exploring this place.
 F = Levels seen in this place.
 G = Mean time per level.
                   A        B        C        D        E       F      G
               +--------+--------+--------+--------+--------+-----+--------+
         Total |  19047 |  18560 |    487 |   2148 |  13194 |  16 | 1190.4 |
       Dungeon |  14957 |  14526 |    431 |   2104 |   9838 |  11 | 1359.7 |
        Temple |     94 |     94 |      0 |      0 |     68 |   1 |   94.0 |
          Lair |   3995 |   3940 |     55 |     44 |   3288 |   4 |  998.8 |
               +--------+--------+--------+--------+--------+-----+--------+

Top non-repeatable levels by time:
     D:8: 2427 daAuts
     D:1: 1778 daAuts
     D:5: 1732 daAuts
    D:10: 1649 daAuts
     D:7: 1368 daAuts
  Lair:3: 1291 daAuts
     D:3: 1270 daAuts
  Lair:1: 1225 daAuts
     D:9: 1204 daAuts
     D:4: 1203 daAuts
  Lair:2: 1123 daAuts
     D:6: 1029 daAuts
     D:2: 1017 daAuts
  Lair:4: 354 daAuts
    D:11: 274 daAuts
